 Dungeon Crawl Stone Soup version 0.27-a0-54-g64bdb92e38 (webtiles) character file.

Game seed: 11810003034087043800

40 Borgoz the Ruffian (level 3, -1/30 HPs)
             Began as a Ghoul Gladiator on Jan 7, 2021.
             Slain by a worker ant (6 damage)
             ... on level 2 of the Dungeon.
             The game lasted 00:01:24 (1364 turns).

Borgoz the Ruffian (Ghoul Gladiator)                Turns: 1364, Time: 00:01:25

Health: -1/30      AC:  4    Str: 18    XL:     3   Next: 50%
Magic:  2/2        EV: 12    Int:  3    God:
Gold:   83         SH:  0    Dex: 10    Spells: 2/2 levels left

rFire    . . .     SeeInvis .     - Unarmed
rCold    + . .     Faith    .   (no shield)
rNeg     + + +     Spirit   .   a - +0 leather armour
rPois    ∞         Reflect  .   b - +0 helmet
rElec    .         Harm     .   (no cloak)
rCorr    .         Rampage  .   (no gloves)
Will     .....                  (no boots)
Stlth    +.........             (no amulet)
HPRegen  0.00/turn              (no ring)
MPRegen  0.08/turn              (no ring)

@: no status effects
A: claws 1, cold resistance 1, negative energy resistance 3, inhibited
regeneration, torment resistance, unbreathing
a: no special abilities


You were on level 2 of the Dungeon.
You visited 1 branch of the dungeon, and saw 2 of its levels.

You collected 83 gold pieces.

Inventory:

Missiles
 c - 3 throwing nets (quivered)
Armour
 a - a +0 leather armour (worn)
 b - a +0 helmet (worn)
Jewellery
 j - an uncursed ring of flight
Scrolls
 d - 3 scrolls of remove curse {unknown}
 h - a scroll of identify {unknown}
 i - a scroll of teleportation {unknown}
 k - a scroll of enchant weapon {unknown}
Potions
 e - 2 potions of lignification {unknown}
 f - a potion of invisibility {unknown}
 g - a potion of cancellation {unknown}


   Skills:
 + Level 2.6 Fighting
 - Level 1.7 Throwing
 + Level 1.0 Armour
 + Level 3.0 Dodging
 + Level 1.3 Stealth
 + Level 3.6 Unarmed Combat


You had 2 spell levels left.
You didn't know any spells.
Your spell library was empty.

Dungeon Overview and Level Annotations

Branches:
Dungeon (2/15)

Altars:


Innate Abilities, Weirdness & Mutations

You thrive by killing the living.
You are immune to poison.
You have sharp fingernails.
Your flesh is cold resistant. (rC+)
You are immune to negative energy. (rN+++)
You do not regenerate when monsters are visible.
You are immune to unholy pain and torment.
You can survive without breathing.


Message History

You are too injured to fight recklessly!
You are too injured to fight recklessly!
You are too injured to fight recklessly!
You are too injured to fight recklessly!
The worker ant misses you. The rat bites you but does no damage.
The worker ant closely misses you. The rat barely misses you.
The worker ant completely misses you.
You see here a +0 club.
You barely miss the worker ant.
The worker ant is lightly wounded.
The worker ant barely misses you.
You scratch the worker ant but do no damage.
The worker ant is lightly wounded.
The worker ant bites you.
* * * LOW HITPOINT WARNING * * *
You barely miss the worker ant.
The worker ant is lightly wounded.
The worker ant bites you.
You die...

..###################
.
.....................
.........r).......#
...######B#####...##
#...#...#@# #....#
..........# #..<.#
.###..†###
#.........# #....)<#
#)..#.....# #...####
#...#.....# #[..
#...# .##.# #.. #...#
.. # ### ##### .# ..


You could see a worker ant and a rat.

Vanquished Creatures
  An adder (D:2)
  A dart slug (D:1)
  A leopard gecko (D:1)
  A bat (D:1)
  2 giant cockroaches (D:1)
  2 goblins (D:1)
  8 hobgoblins
  4 kobolds
  A ball python (D:1)
  3 frilled lizards (D:1)
  A rat (D:1)
25 creatures vanquished.

Notes
Turn   | Place    | Note
-------+----------+-------------------------------------------
     0 | D:1      | Borgoz the Ghoul Gladiator began the quest for the Orb.
     0 | D:1      | Reached XP level 1. HP: 17/17 MP: 0/0
   126 | D:1      | Reached XP level 2. HP: 25/25 MP: 1/1
   306 | D:1      | Reached skill level 1 in Stealth
   641 | D:1      | Reached XP level 3. HP: 30/30 MP: 2/2
  1202 | D:2      | Reached skill level 1 in Armour
  1364 | D:2      | Slain by a worker ant

Illustrated notes

Levels and vault maps discovered:
D:1:      psy_arrival_radial02, layout_basic, minmay_tree_intersection,
          chequers_serial_rivers_small_3
D:2:      layout_basic, old_standard_altar, serial_curves, eino_curves_03,
          eino_curves_03, kennysheep_generic_room_2

Skill      XL: |  1  2  3 |
---------------+----------+-----
Stealth        | 1 |  1.3
Armour         | 1 |  1.0
Dodging        | 3 |  3.0
Fighting       | |  2.6
Throwing       | |  1.7
Unarmed Combat | |  3.6

Action                   || total
-------------------------++-------
Melee: Unarmed           ||    92
Armor: Leather armour    ||    21
Dodge: Dodged            ||    66

Table legend: (Time is in decaauts)
 A = Elapsed time spent in this place.
 B = Non-inter-level travel time spent in this place.
 C = Inter-level travel time spent in this place.
 D = Time resting spent in this place.
 E = Time spent auto-exploring this place.
 F = Levels seen in this place.
 G = Mean time per level.
                   A        B        C        D        E       F      G
               +--------+--------+--------+--------+--------+-----+--------+
         Total |   1359 |   1323 |     36 |    118 |   1024 |   2 |  679.5 |
       Dungeon |   1359 |   1323 |     36 |    118 |   1024 |   2 |  679.5 |
               +--------+--------+--------+--------+--------+-----+--------+

Top non-repeatable levels by time:
     D:1: 1184 daAuts
     D:2: 174 daAuts
